HSSL
DUBLIN JEROME HS CELTICS @ TULSA HS AS
05/23/2029
 
TOP OF THE 1ST
Dublin Jerome HS Celtics batting - Pitching for Tulsa HS As : RHP Al Harrison
Pitching: RHP Al Harrison
Batting: RHB Ben Griffin 0-0: Swinging Strike
0-1: Foul Ball, location: 2F
0-2: Strikes out swinging
Batting: SHB Peter Young 0-0: Ball
1-0: Called Strike
1-1: Ball
2-1: SINGLE (Groundball, 34D)
Batting: LHB David O'Neal 0-0: Ball
1-0: Ball
2-0: Called Strike
2-1: Swinging Strike
2-2: Ball
3-2: Fly out, F7 (Line Drive, 7)
Batting: RHB Bill Becker 0-0: SINGLE (Groundball, 6MD)
Peter Young to second
Batting: LHB Christian Maddox 0-0: Called Strike
0-1: Swinging Strike
0-2: Ball
1-2: 3-RUN HOME RUN (Flyball, 9LD), Distance : 351 ft
Batting: RHB Ed Albert 0-0: Ball
1-0: Ball
2-0: Foul Ball, location: 2F
2-1: Fly out, F7 (Flyball, 78D)
Top of the 1st over - 3 runs, 3 hits, 0 errors, 0 left on base; Dublin Jerome HS 3 - Tulsa HS 0
BOTTOM OF THE 1ST
Tulsa HS As batting - Pitching for Dublin Jerome HS Celtics : RHP Nathan Miller
Pitching: RHP Nathan Miller
Batting: RHB Grant Kelly 0-0: Ball
1-0: Foul Ball, location: 2F
1-1: Called Strike
1-2: Ball
2-2: Ball
3-2: Base on Balls
Batting: LHB Dave Leclair 0-0: Called Strike
0-1: Foul Ball, location: 2F
0-2: Ball
1-2: Foul Ball, location: 2F
1-2: 2-RUN HOME RUN (Flyball, 9LD), Distance : 342 ft
Batting: RHB Ralph Young 0-0: Ground out 6-3 (Groundball, 6)
Batting: SHB José Hernández 0-0: Ball
1-0: Ball
2-0: Ball
3-0: Base on Balls
Batting: LHB Mark Wheeler 0-0: Foul Ball, location: 2F
0-1: Called Strike
0-2: Reached on error, E1 (Groundball, 15)
José Hernández to second
Batting: LHB Tim Black 0-0: Ball
1-0: Called Strike
1-1: Ball
2-1: Ball
3-1: Foul Ball, location: 2F
3-2: Strikes out swinging
Batting: LHB Chris Smith 0-0: Called Strike
0-1: DOUBLE (Line Drive, 89D)
José Hernández scores
Mark Wheeler to third
Runner from 3rd tries for Home, SAFE, no throw
Batting: RHB Ricky Thomas 0-0: Swinging Strike
0-1: Foul Ball, location: 2F
0-2: Foul Ball, location: 2F
0-2: Ball
1-2: Ball
2-2: Ball
3-2: SINGLE (Line Drive, 4M)
Chris Smith to third
Chris Smith scores
Batting: LHB Matt Clark 0-0: Foul Ball, location: 2F
0-1: Ball
1-1: Foul Ball, location: 2F
1-2: Ball
2-2: Foul Ball, location: 2F
2-2: Foul Ball, location: 2F
2-2: SINGLE (Groundball, 5) (infield hit)
Ricky Thomas to second
Batting: RHB Grant Kelly 0-0: Ball
1-0: Ball
2-0: Swinging Strike
2-1: Ball
Wild Pitch!
Ricky Thomas to third
Matt Clark to second
3-1: Called Strike
3-2: Base on Balls
Batting: LHB Dave Leclair 0-0: Foul Ball, location: 2F
0-1: Ball
1-1: Ball
2-1: Ball
3-1: Base on Balls
Ricky Thomas scores
Matt Clark to third
Grant Kelly to second
Batting: RHB Ralph Young 0-0: Ball
1-0: Foul Ball, location: 2F
1-1: GRAND SLAM HOME RUN (Flyball, 7D), Distance : 370 ft
Pitching: LHP Marvin Walker
Batting: SHB José Hernández 0-0: Ball
1-0: Foul Ball, location: 2F
1-1: Ball
2-1: Ball
3-1: Fly out, F8 (Flyball, 89D)
Bottom of the 1st over - 10 runs, 5 hits, 1 error, 0 left on base; Dublin Jerome HS 3 - Tulsa HS 10
TOP OF THE 2ND
Dublin Jerome HS Celtics batting - Pitching for Tulsa HS As : RHP Al Harrison
Batting: SHB Wilson Cantú 0-0: Ball
1-0: Swinging Strike
1-1: Swinging Strike
1-2: Strikes out swinging
Batting: LHB Spencer Copeland 0-0: Called Strike
0-1: Called Strike
0-2: Ball
1-2: Strikes out swinging
Batting: RHB Pedro Polanco 0-0: Called Strike
0-1: Fly out, F3 (Popup, 34S)
Top of the 2nd over - 0 runs, 0 hits, 0 errors, 0 left on base; Dublin Jerome HS 3 - Tulsa HS 10
BOTTOM OF THE 2ND
Tulsa HS As batting - Pitching for Dublin Jerome HS Celtics : LHP Marvin Walker
Batting: LHB Mark Wheeler 0-0: Ball
1-0: Ball
2-0: Ball
3-0: Called Strike
3-1: Called Strike
3-2: Foul Ball, location: 2F
3-2: Foul Ball, location: 2F
3-2: SINGLE (Line Drive, 78M)
Batting: LHB Tim Black 0-0: Ball
1-0: Swinging Strike
1-1: Ball
2-1: Fly out, F3 (Popup, 34S)
Batting: LHB Chris Smith 0-0: Called Strike
0-1: Ball
1-1: Foul Ball, location: 2F
1-2: Foul Ball, location: 2F
1-2: SINGLE (Line Drive, 3D)
Mark Wheeler to second
Batting: RHB Ricky Thomas 0-0: Grounds into double play, 6-4-3 (Groundball, 6)
Bottom of the 2nd over - 0 runs, 2 hits, 0 errors, 1 left on base; Dublin Jerome HS 3 - Tulsa HS 10
TOP OF THE 3RD
Dublin Jerome HS Celtics batting - Pitching for Tulsa HS As : RHP Al Harrison
Batting: RHB Ben Griffin 0-0: Ball
1-0: Ground out 6-3 (Groundball, 56)
Batting: SHB Peter Young 0-0: Ground out U3 (Groundball, 3L)
Batting: LHB David O'Neal 0-0: Ball
1-0: Ball
2-0: Called Strike
2-1: Ball
3-1: Ground out 4-3 (Groundball, 4)
Top of the 3rd over - 0 runs, 0 hits, 0 errors, 0 left on base; Dublin Jerome HS 3 - Tulsa HS 10
BOTTOM OF THE 3RD
Tulsa HS As batting - Pitching for Dublin Jerome HS Celtics : LHP Marvin Walker
Batting: LHB Matt Clark 0-0: Called Strike
0-1: Ball
1-1: Called Strike
1-2: SINGLE (Groundball, 4D)
Batting: RHB Grant Kelly 0-0: Ball
1-0: Ball
2-0: Swinging Strike
2-1: Ball
3-1: Base on Balls
Matt Clark to second
Batting: LHB Dave Leclair 0-0: Foul Ball, location: 2F
0-1: Ball
1-1: Ball
2-1: Called Strike
2-2: Ball
3-2: Foul Ball, location: 2F
3-2: Base on Balls
Matt Clark to third
Grant Kelly to second
Batting: RHB Ralph Young 0-0: Called Strike
0-1: Ball
1-1: Swinging Strike
1-2: Foul Ball, location: 2F
1-2: SINGLE (Line Drive, 89S)
Matt Clark scores
Grant Kelly to third
Dave Leclair to second
Batting: SHB José Hernández 0-0: Ball
1-0: Called Strike
1-1: Foul Ball, location: 2F
1-2: Ball
2-2: Foul Ball, location: 2F
2-2: Foul Ball, location: 2F
2-2: SINGLE (Groundball, 6MD)
Grant Kelly scores
Dave Leclair to third
Ralph Young to second
Runner from 3rd tries for Home, SAFE, no throw
Pitching: RHP John Slade
Batting: LHB Mark Wheeler 0-0: Swinging Strike
0-1: Ball
1-1: DOUBLE (Flyball, 89D)
Ralph Young scores
José Hernández to third
Runner from 3rd tries for Home, throw and OUT!
Mark Wheeler to third
Batting: LHB Tim Black 0-0: Called Strike
0-1: Called Strike
0-2: Ball
1-2: Ball
2-2: Ball
3-2: 2-RUN HOME RUN (Flyball, 9D), Distance : 399 ft
Batting: LHB Chris Smith 0-0: Ball
1-0: Ball
2-0: SINGLE (Groundball, 3D)
Batting: RHB Ricky Thomas 0-0: Ball
Chris Smith steals 2nd base
1-0: Ball
2-0: Foul Ball, location: 2F
2-1: Called Strike
2-2: Ball
3-2: Base on Balls
Batting: LHB Matt Clark 0-0: Ball
1-0: Ball
2-0: Ball
3-0: Called Strike
3-1: Base on Balls
Chris Smith to third
Ricky Thomas to second
Batting: RHB Grant Kelly 0-0: Fly out, F8 (Flyball, 8LM)
Runner from 3rd tags up, SCORES, throw made
Batting: LHB Dave Leclair 0-0: Swinging Strike
0-1: Ball
1-1: Ball
2-1: Swinging Strike
2-2: Ball
3-2: Foul Ball, location: 2F
3-2: Strikes out swinging
Bottom of the 3rd over - 7 runs, 6 hits, 0 errors, 2 left on base; Dublin Jerome HS 3 - Tulsa HS 17
TOP OF THE 4TH
Dublin Jerome HS Celtics batting - Pitching for Tulsa HS As : RHP Al Harrison
Batting: RHB Bill Becker 0-0: SINGLE (Line Drive, 4M)
Batting: LHB Christian Maddox 0-0: Ball
1-0: Swinging Strike
1-1: SINGLE (Line Drive, 9LS)
Bill Becker to second
Batting: RHB Ed Albert 0-0: Grounds into double play, 4-6-3 (Groundball, 4)
Bill Becker to third
Batting: SHB Wilson Cantú 0-0: Called Strike
0-1: Foul Ball, location: 2F
0-2: Strikes out swinging
Top of the 4th over - 0 runs, 2 hits, 0 errors, 1 left on base; Dublin Jerome HS 3 - Tulsa HS 17
BOTTOM OF THE 4TH
Tulsa HS As batting - Pitching for Dublin Jerome HS Celtics : RHP John Slade
Batting: RHB Ralph Young 0-0: Foul Ball, location: 2F
0-1: Swinging Strike
0-2: Foul Ball, location: 2F
0-2: Ground out 5-3 (Groundball, 56)
Batting: SHB José Hernández 0-0: SOLO HOME RUN (Flyball, 9D), Distance : 402 ft
Batting: LHB Mark Wheeler 0-0: SOLO HOME RUN (Flyball, 89XD), Distance : 437 ft
Pitching: LHP Phil Atkinson
Batting: LHB Tim Black 0-0: Fly out, F7 (Flyball, 7LM)
Batting: LHB Chris Smith 0-0: Foul Ball, location: 2F
0-1: Ground out U3 (Groundball, 3L)
Bottom of the 4th over - 2 runs, 2 hits, 0 errors, 0 left on base; Dublin Jerome HS 3 - Tulsa HS 19
TOP OF THE 5TH
Dublin Jerome HS Celtics batting - Pitching for Tulsa HS As : RHP Al Harrison
Batting: LHB Spencer Copeland 0-0: Foul Ball, location: 2F
0-1: Ball
1-1: Foul Ball, location: 2F
1-2: SINGLE (Flyball, 78S)
Batting: RHB Pedro Polanco 0-0: SINGLE (Groundball, 34D)
Spencer Copeland to second
Runner from 2nd tries for 3rd, SAFE, no throw
Batting: RHB Ben Griffin 0-0: Ball
1-0: Fly out, F8 (Flyball, 89D)
Runner from 3rd tags up, SCORES, throw made
Batting: SHB Peter Young 0-0: Ball
1-0: Ball
2-0: Foul Ball, location: 2F
2-1: Ball
3-1: Foul Ball, location: 2F
3-2: Foul Ball, location: 2F
3-2: Base on Balls
Pedro Polanco to second
Batting: LHB David O'Neal 0-0: Ball
1-0: Swinging Strike
1-1: Swinging Strike
1-2: SINGLE (Groundball, 34S) (infield hit)
Pedro Polanco to third
Peter Young to second
Batting: RHB Bill Becker 0-0: Called Strike
0-1: Ball
1-1: GRAND SLAM HOME RUN (Flyball, 8RXD), Distance : 440 ft
Pitching: RHP Eric Hodge
Batting: LHB Christian Maddox 0-0: SINGLE (Groundball, 6D)
Batting: RHB Ed Albert 0-0: Called Strike
0-1: Grounds into double play, 1-6-3 (Groundball, 13S)
Top of the 5th over - 5 runs, 5 hits, 0 errors, 0 left on base; Dublin Jerome HS 8 - Tulsa HS 19
BOTTOM OF THE 5TH
Tulsa HS As batting - Pitching for Dublin Jerome HS Celtics : LHP Phil Atkinson
Batting: RHB Ricky Thomas 0-0: Ball
1-0: SOLO HOME RUN (Line Drive, 7LD), Distance : 352 ft
Batting: LHB Matt Clark 0-0: Ball
1-0: Called Strike
1-1: Foul Ball, location: 2F
1-2: Ball
2-2: Strikes out looking
Batting: RHB Grant Kelly 0-0: Ball
1-0: Ball
2-0: Ground out 5-3 (Groundball, 56)
Batting: LHB Dave Leclair 0-0: Ball
1-0: Called Strike
1-1: Ball
2-1: Ball
3-1: Base on Balls
Batting: RHB Ralph Young 0-0: Ball
1-0: Foul Ball, location: 2F
1-1: SINGLE (Line Drive, 6MD)
Dave Leclair to second
Batting: SHB José Hernández 0-0: Foul Ball, location: 2F
0-1: Swinging Strike
0-2: SINGLE (Line Drive, 7S)
Dave Leclair to third
Ralph Young to second
Batting: LHB Mark Wheeler 0-0: Called Strike
0-1: Ball
1-1: Ball
2-1: SINGLE (Line Drive, 4MD)
Dave Leclair scores
Ralph Young to third
José Hernández to second
Runner from 3rd tries for Home, SAFE, no throw
Batting: LHB Tim Black 0-0: Ground out 5-3 (Groundball, 56S)
Bottom of the 5th over - 3 runs, 4 hits, 0 errors, 2 left on base; Dublin Jerome HS 8 - Tulsa HS 22
TOP OF THE 6TH
Dublin Jerome HS Celtics batting - Pitching for Tulsa HS As : RHP Eric Hodge
Batting: SHB Wilson Cantú 0-0: Called Strike
0-1: Foul Ball, location: 2F
0-2: Ball
1-2: Hit by Pitch
Batting: LHB Spencer Copeland 0-0: SINGLE (Flyball, 7LS)
Wilson Cantú to second
Batting: RHB Pedro Polanco 0-0: Called Strike
0-1: Foul Ball, location: 2F
0-2: Ball
1-2: Ball
2-2: Foul Ball, location: 2F
2-2: Fly out, F6 (Line Drive, 56)
Batting: RHB Ben Griffin 0-0: Called Strike
0-1: Ground out 5-3 (Groundball, 56S)
Wilson Cantú to third
Spencer Copeland to second
Batting: SHB Peter Young 0-0: Swinging Strike
0-1: Ball
1-1: Called Strike
1-2: Ball
Wild Pitch!
Wilson Cantú scores
Spencer Copeland to third
2-2: Fly out, F6 (Popup, 6MS)
Top of the 6th over - 1 run, 1 hit, 0 errors, 1 left on base; Dublin Jerome HS 9 - Tulsa HS 22
BOTTOM OF THE 6TH
Tulsa HS As batting - Pitching for Dublin Jerome HS Celtics : LHP Phil Atkinson
Batting: LHB Chris Smith 0-0: Ball
1-0: Called Strike
1-1: Called Strike
1-2: Ball
2-2: Foul Ball, location: 2F
2-2: Ball
3-2: Base on Balls
Batting: RHB Ricky Thomas 0-0: Ball
1-0: Foul Ball, location: 2F
1-1: Ball
2-1: SINGLE (Groundball, 56D)
Chris Smith to second
Batting: LHB Matt Clark 0-0: Swinging Strike
0-1: Foul Ball, location: 2F
0-2: Ball
1-2: Foul Ball, location: 2F
1-2: Foul Ball, location: 2F
1-2: Foul Ball, location: 2F
1-2: Foul Ball, location: 2F
1-2: Foul Ball, location: 2F
1-2: Ball
2-2: Foul Ball, location: 2F
2-2: Foul Ball, location: 2F
2-2: Ball
3-2: Fly out, F5 (Popup, 5S)
Batting: RHB Grant Kelly 0-0: Reached on error, E6 (Groundball, 6)
Chris Smith to third
Ricky Thomas to second
Pitching: RHP Steve Allen
Batting: LHB Dave Leclair 0-0: Called Strike
0-1: Foul Ball, location: 2F
0-2: Strikes out swinging
Batting: RHB Ralph Young 0-0: Ball
1-0: Foul Ball, location: 2F
1-1: Ball
2-1: Ball
3-1: Fly out, F4 (Popup, 4MD)
Bottom of the 6th over - 0 runs, 1 hit, 1 error, 3 left on base; Dublin Jerome HS 9 - Tulsa HS 22
TOP OF THE 7TH
Dublin Jerome HS Celtics batting - Pitching for Tulsa HS As : RHP Eric Hodge
Batting: LHB David O'Neal 0-0: Called Strike
0-1: Foul Ball, location: 2F
0-2: Foul Ball, location: 2F
0-2: Foul Ball, location: 2F
0-2: Ball
1-2: Foul Ball, location: 2F
1-2: Ball
2-2: SINGLE (Line Drive, 56D)
Batting: RHB Bill Becker 0-0: Called Strike
Throwing error on steal attempt, E2
David O'Neal to third
0-1: Swinging Strike
0-2: Foul Ball, location: 2F
0-2: Foul Ball, location: 2F
0-2: Fly out, F9 (Line Drive, 9D)
Runner from 3rd tags up, SCORES, throw made
Batting: LHB Christian Maddox 0-0: Foul Ball, location: 2F
0-1: Called Strike
0-2: Foul Ball, location: 2F
0-2: Strikes out looking
Batting: RHB Ed Albert 0-0: Ground out 6-3 (Groundball, 6M)
Top of the 7th over - 1 run, 1 hit, 1 error, 0 left on base; Dublin Jerome HS 10 - Tulsa HS 22
BOTTOM OF THE 7TH
Tulsa HS As batting - Pitching for Dublin Jerome HS Celtics : RHP Steve Allen
Batting: SHB José Hernández 0-0: Ball
1-0: Ball
2-0: Swinging Strike
2-1: Called Strike
2-2: Foul Ball, location: 2F
2-2: Ball
3-2: Base on Balls
Batting: LHB Mark Wheeler 0-0: Called Strike
0-1: SINGLE (Groundball, 6D)
José Hernández to second
Batting: LHB Tim Black 0-0: Ball
1-0: Foul Ball, location: 2F
1-1: Swinging Strike
1-2: Ball
2-2: Foul Ball, location: 2F
2-2: Ball
3-2: Grounds into double play, 1-6-3 (Groundball, 13)
José Hernández to third
Batting: LHB Chris Smith 0-0: Called Strike
0-1: Ball
1-1: Ball
2-1: Foul Ball, location: 2F
2-2: Foul Ball, location: 2F
2-2: Ground out 5-3 (Groundball, 5)
Bottom of the 7th over - 0 runs, 1 hit, 0 errors, 1 left on base; Dublin Jerome HS 10 - Tulsa HS 22
TOP OF THE 8TH
Dublin Jerome HS Celtics batting - Pitching for Tulsa HS As : RHP Eric Hodge
Now at C: Jason Becker
Now at 2B: Raúl García
Batting: SHB Wilson Cantú 0-0: Foul Ball, location: 2F
0-1: Ball
1-1: Foul Ball, location: 2F
1-2: Strikes out swinging
Batting: LHB Spencer Copeland 0-0: Called Strike
0-1: Ground out 4-3 (Groundball, 4S)
Batting: RHB Pedro Polanco 0-0: Called Strike
0-1: SOLO HOME RUN (Line Drive, 7LD), Distance : 334 ft
Batting: RHB Ben Griffin 0-0: Ball
1-0: Ball
2-0: SINGLE (Line Drive, 89S)
Batting: SHB Peter Young 0-0: 2-RUN HOME RUN (Flyball, 89XD), Distance : 426 ft
Pitching: LHP Terry Parker
Batting: LHB David O'Neal 0-0: Foul Ball, location: 2F
0-1: Fly out, F9 (Flyball, 9S)
Top of the 8th over - 3 runs, 3 hits, 0 errors, 0 left on base; Dublin Jerome HS 13 - Tulsa HS 22
BOTTOM OF THE 8TH
Tulsa HS As batting - Pitching for Dublin Jerome HS Celtics : RHP Steve Allen
Batting: RHB Ricky Thomas 0-0: Ball
1-0: Called Strike
1-1: Ball
2-1: Swinging Strike
2-2: Ball
3-2: Base on Balls
Batting: LHB Matt Clark 0-0: Foul Ball, location: 2F
0-1: Grounds into double play, 5-4-3 (Groundball, 5)
Batting: RHB Grant Kelly 0-0: Called Strike
0-1: Foul Ball, location: 2F
0-2: Ball
1-2: SINGLE (Flyball, 89S)
Batting: LHB Dave Leclair 0-0: Fly out, F7 (Flyball, 78D)
Bottom of the 8th over - 0 runs, 1 hit, 0 errors, 1 left on base; Dublin Jerome HS 13 - Tulsa HS 22
TOP OF THE 9TH
Dublin Jerome HS Celtics batting - Pitching for Tulsa HS As : LHP Terry Parker
Now at 1B: C.J. Pinnock
Batting: RHB Bill Becker 0-0: Ball
1-0: Ball
2-0: Ball
3-0: Swinging Strike
3-1: Base on Balls
Batting: LHB Christian Maddox 0-0: Ball
1-0: Swinging Strike
1-1: Ball
2-1: Ball
3-1: Swinging Strike
3-2: Base on Balls
Bill Becker to second
Batting: RHB Ed Albert 0-0: Ball
1-0: Fly out, F8 (Flyball, 89D)
Runner from 2nd tags up, SAFE at 3rd, no throw
Batting: SHB Wilson Cantú 0-0: Foul Ball, location: 2F
0-1: Foul Ball, location: 2F
0-2: SINGLE (Groundball, 56D)
Bill Becker scores
Christian Maddox to second
Batting: LHB Spencer Copeland 0-0: Swinging Strike
0-1: Ball
1-1: Ball
2-1: Foul Ball, location: 2F
2-2: Foul Ball, location: 2F
2-2: Ball
3-2: Foul Ball, location: 2F
3-2: SINGLE (Groundball, 34D)
Christian Maddox to third
Wilson Cantú to second
Batting: RHB Pedro Polanco 0-0: Ball
1-0: Called Strike
1-1: Fly out, F9 (Flyball, 9LSF)
Runner from 3rd tags up, SCORES, no throw
Batting: RHB Ben Griffin 0-0: Ball
1-0: Called Strike
1-1: Swinging Strike
1-2: Fly out, F9 (Flyball, 9S)
Top of the 9th over - 2 runs, 2 hits, 0 errors, 2 left on base; Dublin Jerome HS 15 - Tulsa HS 22
Saturday, December 16th, 2017 - OOTP Baseball 18.8 Build 76